 Dungeon Sprint DCSS version 0.21.0-24-g2553a33 (webtiles) character file.

11419 wojtek the Severer (level 11, -12/112 HPs)
             Began as a Minotaur Berserker on Jan 20, 2018.
             Was a High Priest of Trog.
             Mangled by a dire elephant (16 damage)
             ... in the Dungeon (Sprint III: "The Ten Rune Challenge").
             The game lasted 00:08:10 (3128 turns).

wojtek the Severer (Minotaur Berserker)             Turns: 3128, Time: 00:08:11

Health: -12/112    AC: 16    Str: 24    XL:     11   Next: 49%
Magic:  10/10      EV: 13    Int:  4    God:    Trog [*****.]
Gold:   3563       SH:  0    Dex: 11    Spells: 10/10 levels left

rFire    . . .     SeeInvis .   q - +7 executioner's axe (freeze)
rCold    . . .     Gourm    .   (shield currently unavailable)
rNeg     . . .     Faith    .   t - +0 plate armour
rPois    .         Spirit   .   x - +0 hat {MR+}
rElec    .         Reflect  .   (no cloak)
rCorr    .         Harm     .   (no gloves)
MR       +....     NoTele   +   (no boots)
Stlth    ..........             (no amulet)
HPRegen  0.28/turn              (no ring)
MPRegen  0.12/turn              (no ring)

@: slowed, very slow
A: retaliatory headbutt, horns 2
a: Berserk, Trog's Hand, Brothers in Arms, Burn Spellbooks, Renounce Religion


You were in the Dungeon.
You worshipped Trog.
Trog was extremely pleased with you.
You were hungry.

You visited 1 branch You collected 3563 gold pieces.

Inventory:

Hand Weapons
 a - a +0 hand axe
 e - a +5 antimagic battleaxe
 q - a +7 executioner's axe of freezing (weapon)
 r - a +3 broad axe of electrocution
 u - a +2 great sword of electrocution
 v - a +4 antimagic battleaxe
 w - a +1 antimagic battleaxe
Armour
 t - a +0 plate armour (worn)
 x - a +0 hat of magic resistance (worn)
Wands
 b - a wand of enslavement (11)
Scrolls
 i - a scroll of blinking
 k - a scroll of holy word {unknown}
 l - 3 scrolls of identify
 m - 2 scrolls of remove curse {unknown}
 o - a scroll of torment {unknown}
Potions
 d - a potion of curing
 f - a potion of haste
 g - 2 potions of magic
 h - a potion of berserk rage
 j - 6 potions of mutation
 n - a potion of lignification {unknown}
 p - 2 potions of flight
Miscellaneous
 s - a phial of floods
Comestibles
 c - 13 rations
 z - 7 chunks of flesh


   Skills:
 + Level 15.3 Fighting
 * Level 20.2 Axes
 + Level 15.1 Armour
 + Level 14.0 Dodging


You had 10 spell levels left.
You didn't know any spells.

Dungeon Overview and Level Annotations

Branches:
Dungeon (1/1)

Altars:
Cheibriados
Dithmenos
Elyvilon
Fedhas
Gozag
Hepliaklqana
Kikubaaqudgha
Makhleb
Nemelex Xobeh
Okawaru
Qazlal
Ru
Sif Muna
Trog
Uskayaw
Vehumet
Wu Jian
Xom
Yredelemnul
Zin
The Shining One
Beogh
Jiyva
Lugonu

Shops:
D [


Innate Abilities, Weirdness & Mutations

You reflexively headbutt those who attack you in melee.
You have a pair of horns on your head.


Message History

The dire elephant is lightly wounded.
The dire elephant barely misses you. The dire elephant closely misses you.
You hit the dire elephant. You freeze the dire elephant.
The dire elephant is lightly wounded.
The dire elephant barely misses you. x2
Your iron troll bites the dire elephant!
Your iron troll claws the dire elephant!! x2
The dire elephant tramples you but does no damage.
The dire elephant trunk-slaps you.
* * * LOW HITPOINT WARNING * * *
Your iron troll completely misses the dire elephant.
Your iron troll claws the dire elephant but does no damage.
Your iron troll claws the dire elephant!!
You hit the dire elephant. You freeze the dire elephant.
The dire elephant is almost dead.
The dire elephant tramples you!!
* * * LOW HITPOINT WARNING * * *
You stumble backwards!
The dire elephant tramples you!
You die...

#).# #..#####....#___#__'...#.
▓▓▓▓▓▓▓▓▓▓▓▓▓▓▓▓▓▓▓▓▓▓▓▓▓▓▓▓▓▓
▓...'≈≈.≈≈≈.≈.♣♣.....♣♣♣♣≈≈≈..
#≈≈≈§§§≈≈≈♣♣.≈≈≈≈'♣♣'♣≈≈≈≈
#≈≈≈§§§)≈≈≈'.....#.≈♣♣♣♣♣♣
#≈≈§≈≈§≈≈≈♣♣♣♣♣♣♣#..♣
#≈≈≈§≈≈≈≈≈♣ ###+
▓##+####%#######♣
▓..........TY@..♣
▓#+#############+


You could see a dire elephant and a friendly iron troll (berserk).

Vanquished Creatures
  Gastronok (D)
  Snorg (D)
  A centaur warrior (D)
  An unseen horror (D)
  A deep elf mage (D)
  An orc knight (D)
  2 spiny frogs (D)
  A rime drake (D)
  A komodo dragon (D)
  A queen bee (D)
  3 wandering mushrooms (D)
  5 blink frogs (D)
  A shadow (D)
  A spatial vortex (D)
  A swamp drake (D)
  3 orc warriors (D)
  A necrophage (D)
  2 centaurs (D)
  An earth elemental (D)
  A water elemental (D)
  A scorpion (D)
  31 killer bees (D)
  A jelly (D)
  Jessica (D)
  An orc wizard (D)
  A wizard (D)
  A necromancer (D)
  A kobold demonologist (D)
  3 humans (D)
  5 orcs (D)
  4 rats (D)
80 creatures vanquished.

Vanquished Creatures (collateral kills)
  Rupert (D)
  A dire elephant (D)
  2 elephants (D)
  An orc warrior (D)
  A killer bee (D)
  2 orc priests (D)
  An orc wizard (D)
  3 orcs (D)
12 creatures vanquished.

Vanquished Creatures (others)
  2 draconian scorchers (D)
  2 yaktaurs (D)
  6 hellions (D)
  An electric eel (D)
  8 plants (D)
19 creatures vanquished.

Grand Total: 111 creatures vanquished

Notes
Turn   | Place    | Note
-------+----------+-------------------------------------------
     0 | D        | wojtek the Minotaur Berserker began the quest for the Orb.
     0 | D        | Reached XP level 1. HP: 19/19 MP: 0/0
    14 | D        | Reached skill level 4 in Axes
    32 | D        | Reached ** piety under Trog
    40 | D        | Noticed Jessica
    47 | D        | Killed Jessica
    47 | D        | Reached skill level 5 in Axes
    47 | D        | Reached XP level 2. HP: 20/28 MP: 1/1
    83 | D        | Killed a hellion
    85 | D        | Killed a hellion
    95 | D        | Killed a hellion
   106 | D        | Killed a hellion
   106 | D        | Killed a hellion
   153 | D        | Reached skill level 5 in Fighting
   153 | D        | Reached skill level 6 in Axes
   153 | D        | Reached XP level 3. HP: 36/36 MP: 2/2
   168 | D        | Killed a hellion
   169 | D        | Killed a white draconian scorcher
   189 | D        | Killed a white draconian scorcher
   232 | D        | Noticed a scorpion
   235 | D        | Killed a yaktaur
   245 | D        | Killed a scorpion
   245 | D        | Reached *** piety under Trog
   245 | D        | Reached skill level 7 in Axes
   245 | D        | Reached skill level 5 in Armour
   245 | D        | Reached XP level 4. HP: 29/44 MP: 3/3
   352 | D        | Noticed a water elemental
   358 | D        | Killed a water elemental
   358 | D        | Reached skill level 8 in Axes
   358 | D        | Reached skill level 5 in Dodging
   358 | D        | Reached XP level 5. HP: 50/51 MP: 4/4
   448 | D        | Found a radiant altar of Vehumet.
   448 | D        | Found a deep blue altar of Sif Muna.
   448 | D        | Found an ancient bone altar of Kikubaaqudgha.
   451 | D        | Reached skill level 9 in Axes
   453 | D        | Reached **** piety under Trog
   501 | D        | Found a glowing silver altar of Zin.
   502 | D        | Found a glowing golden altar of the Shining One.
   502 | D        | Found a white marble altar of Elyvilon.
   502 | D        | Noticed a deep elf mage
   506 | D        | Killed a deep elf mage
   506 | D        | Reached ***** piety under Trog
   506 | D        | Reached skill level 12 in Axes
   506 | D        | Reached XP level 6. HP: 57/63 MP: 5/5
   506 | D        | Reached XP level 7. HP: 63/70 MP: 6/6
   539 | D        | Found a hide-covered altar of Uskayaw.
   539 | D        | Found a roughly hewn altar of Beogh.
   539 | D        | Found an iron altar of Okawaru.
   539 | D        | Found a bloodstained altar of Trog.
   539 | D        | Found an ornate altar of the Wu Jian Council.
   539 | D        | Noticed a human
   541 | D        | Noticed a human
   547 | D        | Killed a human
   552 | D        | Killed a human
   552 | D        | Received a gift from Trog
   552 | D        | Reached skill level 13 in Axes
   578 | D        | Found a basalt altar of Yredelemnul.
   578 | D        | Found a shadowy altar of Dithmenos.
   578 | D        | Found a sacrificial altar of Ru.
   582 | D        | Reached skill level 10 in Fighting
   582 | D        | Reached XP level 8. HP: 79/79 MP: 7/7
   671 | D        | Reached skill level 10 in Armour
   779 | D        | Found a blossoming altar of Fedhas.
   779 | D        | Found a stormy altar of Qazlal.
   779 | D        | Found a snail-covered altar of Cheibriados.
   779 | D        | Found a burning altar of Makhleb.
   779 | D        | Found a shimmering altar of Xom.
   780 | D        | Found a hazy altar of Hepliaklqana.
   780 | D        | Found an opulent altar of Gozag.
   780 | D        | Found a sparkling altar of Nemelex Xobeh.
   780 | D        | Found a corrupted altar of Lugonu.
   780 | D        | Found a viscous altar of Jiyva.
   814 | D        | Noticed Snorg
   832 | D        | Killed Snorg
   832 | D        | Reached skill level 15 in Axes
   832 | D        | Reached skill level 10 in Dodging
   832 | D        | Reached XP level 9. HP: 10/89 MP: 8/8
  1387 | D        | Received a gift from Trog
  1395 | D        | Received a gift from Trog
  1440 | D        | Received a gift from Trog
  1444 | D        | Noticed an orc knight
  1448 | D        | Killed an orc knight
  1448 | D        | Reached skill level 16 in Axes
  1459 | D        | HP: 3/90 [orc priest/divine providence (10)]
  1697 | D        | Found Pomear's Armour Shop.
  1748 | D        | Noticed a centaur warrior
  1754 | D        | Received a gift from Trog
  1758 | D        | Killed a centaur warrior
  1834 | D        | Killed an unseen horror
  1834 | D        | Reached skill level 17 in Axes
  1834 | D        | Reached XP level 10. HP: 74/100 MP: 3/9
  1966 | D        | Received a gift from Trog
  1996 | D        | Received a gift from Trog
  2016 | D        | Received a gift from Trog
  2021 | D        | Received a gift from Trog
  2022 | D        | Reached ****** piety under Trog
  2032 | D        | Reached skill level 18 in Axes
  2033 | D        | Received a gift from Trog
  2387 | D        | Noticed a spiny frog
  2387 | D        | Noticed a spiny frog
  2390 | D        | Killed a spiny frog
  2396 | D        | Killed a spiny frog
  2515 | D        | Received a gift from Trog
  2601 | D        | Reached skill level 19 in Axes
  2601 | D        | Reached XP level 11. HP: 110/111 MP: 10/10
  2634 | D        | Noticed Rupert
  2634 | D        | Paralysed by Rupert for 7 turns
  2644 | D        | HP: 4/111 [Rupert/great mace of protection (17)]
  2651 | D        | Killed Rupert
  3086 | D        | Noticed Gastronok
  3101 | D        | Noticed a dire elephant
  3101 | D        | Killed Gastronok
  3101 | D        | Reached skill level 15 in Fighting
  3101 | D        | Reached skill level 20 in Axes
  3106 | D        | Killed a dire elephant
  3106 | D        | Reached skill level 15 in Armour
  3118 | D        | Noticed a dire elephant
  3127 | D        | HP: 4/112 [dire elephant (22)]
  3128 | D        | Mangled by a dire elephant

Skill      XL: |  1  2  3  4  5  6  7  8  9 10 11 |
---------------+----------------------------------+-----
Axes           | 5 6 7 8 12 13 15 17 19 20 | 20.2
Fighting       | 4 5 6 9 10 11 12 14 15 | 15.3
Armour         | 3 4 5 6 8 9 11 12 14 15 | 15.1
Dodging        | 3 4 5 8 10 11 13 14 | 14.0

Action                   |  1- 3 |  4- 6 |  7- 9 | 10-12 || total
-------------------------+-------+-------+-------+-------++-------
Melee: Hand axe          |    29 |     9 |   112 |       ||   150
       Headbutt          |     7 |     2 |    25 |    15 ||    49
       Battleaxe         |       |       |     4 |    80 ||    84
       Executioner's axe |       |       |       |    33 ||    33
Invok: Berserk           |     1 |     2 |     5 |     1 ||     9
       Burn Spellbooks   |       |     1 |       |       ||     1
       Brothers in Arms  |       |       |     2 |     6 ||     8
  Use: Potion            |       |       |     1 |     1 ||     2
  Eat: Ration            |       |     1 |     1 |     1 ||     3
       Chunk             |       |       |     5 |     3 ||     8
Armor: Animal skin       |     2 |       |       |       ||     2
       Ring mail         |       |       |     9 |       ||     9
       Plate armour      |       |       |    10 |    49 ||    59
Dodge: Dodged            |    14 |     1 |    50 |    95 ||   160
